 Dungeon Crawl Stone Soup version 0.31-a0-636-ge1c0e020e0 (webtiles) character file.

Game seed: 3653440115407003735

295 rvierbuc the Slasher (level 6, -6/46 HPs)
             Began as a Demonspawn Gladiator on Aug 26, 2023.
             Mangled by Sigmund
             ... wielding a +0 scythe of venom
              (8 damage)
             ... on level 3 of the Dungeon.
             The game lasted 00:08:02 (2040 turns).

rvierbuc the Slasher (Demonspawn Gladiator)         Turns: 2040, Time: 00:08:03

Health: -6/46      AC:  5    Str: 14    XL:     6   Next: 11%
Magic:  0/6        EV: 13    Int: 10    God:
Gold:   113        SH:  0    Dex: 16    Spells: 5/5 levels left

rFire   . . .        q - +0 long sword (elec)
rCold   . . .        (no shield)
rNeg    . . .        b - +0 leather armour
rPois   .            (helmet restricted)
rElec   .            (no cloak)
rCorr   .            h - +0 pair of gloves
SInv    .            (no boots)
Will    .....        d - amulet of guardian spirit
Stlth   +            (no ring)
HPRegen 0.27/turn    (no ring)
MPRegen 0.10/turn

%: guardian spirit
@: no status effects
A: antennae 1, foul stench 2, sharp scales 1
a: no special abilities


You were on level 3 of the Dungeon.
You visited 1 branch of the dungeon, and saw 3 of its levels.

You collected 113 gold pieces.

Inventory:

Hand Weapons
 a - a +0 long sword
 k - a +0 dagger of venom
 q - a +0 long sword of electrocution (weapon)
Missiles
 o - a throwing net
Armour
 b - a +0 leather armour (worn)
 c - a +0 helmet
 h - a +0 pair of gloves (worn)
Magical Staves
 p - a staff of fire
Jewellery
 d - an amulet of guardian spirit (around neck)
 m - an amulet of faith
Scrolls
 i - 3 scrolls of identify {unknown}
 l - a scroll of blinking {unknown}
 s - a scroll of enchant armour {unknown}
Potions
 f - 4 potions of curing
 g - a potion of lignification {unknown}
 j - a potion of might {unknown}
 n - a potion of haste {unknown}
 r - a potion of degeneration {unknown}


   Skills:
 + Level 2.7 Fighting
 + Level 4.6 Long Blades
 + Level 2.0 Throwing
 + Level 1.9 Armour
 + Level 3.8 Dodging
 + Level 0.8 Stealth


You had 5 spell levels left.
You didn't know any spells.
Your spell library contained the following spells:

 Spells                   Type           Power      Damage    Failure   Level
 Ozocubu's Armour         Ice            0%         N/A       80%         3
 Portal Projectile        Hex/Tloc       0%         N/A       80%         3
 Tukima's Dance           Hex            0%         N/A       80%         3
 Iskenderun's Mystic Bla  Conj/Tloc      0%         2d3       99%         4
 Metabolic Englaciation   Hex/Ice        0%         N/A       100%        5
 Simulacrum               Ice/Necr       0%         N/A       100%        6


Dungeon Overview and Level Annotations

Branches:
Dungeon (3/15)

Altars:

Annotations:
D:3 Sigmund


Innate Abilities, Weirdness & Mutations

You have a pair of small antennae on your head.
You sometimes emit foul miasma when damaged in melee.
You are partially covered in razor-sharp scales. (AC +1, Slay +1)


Message History

The ogre is almost dead.
You hit the ogre.
You kill the ogre!
You have reached level 6!
Your demonic ancestry asserts itself...
Sharp scales grow over part of your body.
Items here: )) [ †.
Okay, then.
You now have 113 gold pieces (gained 15).
Sigmund the Dreaded comes into view.
He is wielding a +0 scythe of venom.
Nothing quivered!
You throw a datura-tipped dart. The datura-tipped dart hits Sigmund.
Sigmund flies into a frenzy!
You throw a datura-tipped dart. The datura-tipped dart hits Sigmund.
Sigmund shouts!
You throw a javelin. The javelin barely misses Sigmund.
Sigmund hits you from afar with a +0 scythe of venom!
You are poisoned.
Sigmund hits you from afar with a +0 scythe of venom.
You are more poisoned.
You feel very sick.
Sigmund hits you with a +0 scythe of venom!
You are lethally poisoned!
You hit Sigmund. Lightning courses through Sigmund!
Sigmund is heavily wounded.
* * * LOW HITPOINT WARNING * * *
You feel extremely sick. Sigmund barely misses you.
You slash Sigmund!
Sigmund is almost dead.
* * * LOW HITPOINT WARNING * * *
You feel very sick. Sigmund completely misses you.
It was a potion of curing.
You feel better.
Sigmund hits you with a +0 scythe of venom!
* * * LOW HITPOINT WARNING * * *
You hit Sigmund.
Sigmund is almost dead.
Sigmund hits you with a +0 scythe of venom!
You die...

#...##.......# # #
#.#####.# .## .###.
#.#####.# .... .((..#
##.......# #...###(.
...##...######
#......## #.#.....##
#.#.#...# #........##
##.....@.###.........#
.......@...+.........+
####.....###.....g...#
#................##
###.#######.....###
#.# ##...##.## #.#
##'##...## #.#
#(#.....# #.#
#.(....(.
#.#########[#†....#


You could see the neutral Sigmund (fast, strong, frenzied).

Vanquished Creatures
  A water moccasin (D:3)
  An ogre (D:3)
  An orc wizard (D:3)
  An adder (D:2)
  4 dart slugs
  3 orcs (D:3)
  4 endoplasms
  3 giant cockroaches
  3 hobgoblins
  4 jackals
  3 quokkas (D:2)
  7 ball pythons
  8 bats
  4 frilled lizards
  4 goblins
  5 kobolds
  7 rats
63 creatures vanquished.

Vanquished Creatures (others)
  A jackal (D:1)
1 creature vanquished.

Grand Total: 64 creatures vanquished

Notes
Turn   | Place    | Note
-------+----------+-------------------------------------------
     0 | D:1      | rvierbuc the Demonspawn Gladiator began the quest for the
                  | Orb.
     0 | D:1      | Reached XP level 1. HP: 16/16 MP: 1/1
   232 | D:1      | Gained mutation: You may rarely emit foul miasma when
                  | damaged in melee. [demonic ancestry]
   232 | D:1      | Reached XP level 2. HP: 7/22 MP: 2/2
   234 | D:1      | Reached skill level 3 in Long Blades
   550 | D:1      | Found a faded altar of an unknown god.
   610 | D:1      | Gained mutation: You sometimes emit foul miasma when
                  | damaged in melee. [demonic ancestry]
   610 | D:1      | Reached XP level 3. HP: 27/27 MP: 3/3
  1687 | D:3      | Noticed a water moccasin
  1689 | D:3      | Reached XP level 4. HP: 31/33 MP: 4/4
  1768 | D:3      | Killed a water moccasin
  1769 | D:3      | Reached skill level 4 in Long Blades
  1769 | D:3      | Reached skill level 1 in Armour
  1769 | D:3      | Gained mutation: You have a pair of small antennae on your
                  | head. [demonic ancestry]
  1769 | D:3      | Reached XP level 5. HP: 35/39 MP: 3/5
  1912 | D:3      | Noticed an ogre
  1934 | D:3      | Killed an ogre
  1935 | D:3      | Gained mutation: You are partially covered in razor-sharp
                  | scales. (AC +1, Slay +1) [demonic ancestry]
  1935 | D:3      | Reached XP level 6. HP: 30/46 MP: 3/6
  2031 | D:3      | Noticed Sigmund
  2039 | D:3      | HP: 1/46 [Sigmund/+0 scythe of venom (14)]
  2040 | D:3      | Mangled by Sigmund

Illustrated notes

Levels and vault maps discovered:
D:1:      amcnicky_arrival_gap_in_the_tavern_cellar, layout_loops_cross,
          hellmonk_ecumenical_altar_arch_garden
D:2:      layout_basic
D:3:      cheibrodos_helix_gallery, layout_loops_corners, elyvilon_altar_3,
          grunt_ashenzari_visionary [grunt_ashenzari_visionary_shoals,
          grunt_ashenzari_visionary_snake], nemelex_dance_club_becter,
          uniq_terence, uniq_sigmund

Skill      XL: |  1  2  3  4 |
---------------+-------------+-----
Long Blades    | 3 4 |  4.6
Dodging        | 3 |  3.8
Throwing       | 2 |  2.0
Armour         | 1 |  1.9
Fighting       | |  2.7
Stealth        | |  0.8

Action                     |  1- 3 |  4- 6 || total
---------------------------+-------+-------++-------
  Melee: Long sword        |   135 |    33 ||   168
  Throw: Throwing net      |     3 |       ||     3
         Dart              |       |     2 ||     2
         Javelin           |       |     1 ||     1
    Use: Potion            |       |     1 ||     1
   Stab: Sleeping          |     2 |       ||     2
 Armour: Leather armour    |    69 |     9 ||    78
  Dodge: Dodged            |   147 |    29 ||   176

Table legend: (Time is in decaauts)
 A = Elapsed time spent in this place.
 B = Non-inter-level travel time spent in this place.
 C = Inter-level travel time spent in this place.
 D = Time resting spent in this place.
 E = Time spent auto-exploring this place.
 F = Levels seen in this place.
 G = Mean time per level.
                   A        B        C        D        E       F      G
               +--------+--------+--------+--------+--------+-----+--------+
         Total |   2078 |   2020 |     58 |      0 |   1508 |   3 |  692.7 |
       Dungeon |   2078 |   2020 |     58 |      0 |   1508 |   3 |  692.7 |
               +--------+--------+--------+--------+--------+-----+--------+

Top non-repeatable levels by time:
     D:2: 880 daAuts
     D:1: 788 daAuts
     D:3: 409 daAuts
